AoeStats
← Dango

Arabia

510283766Analyzed
1v1 RM · 1d ago on Sep 30, 2026· 53m 28s· 2 players
Game mode
Random Map
Map size
Tiny (2 player)
Population
200
Speed
Normal
Resources
Standard
Victory
Conquest
Starting age
Dark Age
Ending age
Imperial Age
RankedLock teamsTeams togetherTeam positionsShared explorationLock speedFull tech treeHidden civsTurbo modeCheats
Victory
Defeat
🇻🇳 Malay · Vietnam
954
+16
🇸🇰 Hindustanis · Slovakia
963
-16
Dango
7:26 Loom
10:03 Feudal Age
15:37 Forging
17:43 Double-Bit Axe
22:05 Castle Age
21:07 Crossbowman
25:11 Horse Collar
27:22 Bow Saw
27:45 Man-at-Arms
28:37 Heavy Plow
30:07 Gold Mining
31:44 Wheelbarrow
30:58 Town Watch
32:13 Fletching
36:14 Imperial Age
33:18 Long Swordsman
34:03 Bodkin Arrow
35:53 Hand Cart
35:40 Town Patrol
35:11 Arbalester
38:26 Forced Levy
38:08 Two-Handed Swordsman
41:15 Iron Casting
42:24 Conscription
48:34 Crop Rotation
49:53 Bracer
50:54 Blast Furnace
51:50 Thumb Ring
52:29 Padded Archer Armor
52:29 Bracer
53:49 Leather Archer Armor
Medvedko
7:10 Loom
9:58 Feudal Age
14:29 Double-Bit Axe
16:05 Fletching
16:34 Padded Archer Armor
18:00 Horse Collar
23:46 Castle Age
24:05 Elite Skirmisher
24:57 Thumb Ring
24:53 Bodkin Arrow
25:56 Gold Mining
27:30 Scale Mail Armor
29:18 Bow Saw
32:31 Wheelbarrow
31:42 Town Watch
34:14 Chain Mail Armor
34:10 Forging
37:07 Iron Casting
40:39 Imperial Age
38:42 Bloodlines
37:53 Light Cavalry
39:06 Ballistics
40:41 Masonry
41:10 Iron Casting
42:29 Chemistry
41:33 Crossbowman
43:34 Blast Furnace
42:37 Bracer
44:53 Murder Holes
52:10 Scale Barding Armor
Connection lost

Rejoining the realm…

Still unreachable

The connection could not be restored.

Session expired

The server has moved on; the page needs a fresh start.